 Dungeon Crawl Stone Soup version 0.30-a0-728-gc68057be0a (webtiles) character file.

Game seed: 18268048992378760354

33 jimonade the Sneak (level 3, 0/18 HPs)
             Began as a Vine Stalker Brigand on Jan 31, 2023.
             Slain by a gnoll
             ... wielding a +2 flail of protection
              (3 damage)
             ... on level 2 of the Dungeon.
             The game lasted 00:02:33 (1535 turns).

jimonade the Sneak (Vine Stalker Brigand)           Turns: 1535, Time: 00:02:34

Health: 0/18       AC:  3    Str: 13    XL:     3   Next: 29%
Magic:  0/4        EV: 12    Int: 11    God:
Gold:   39         SH:  0    Dex: 17    Spells: 2/2 levels left

rFire   . . .      SeeInvis .    a - +2 dagger
rCold   . . .      Faith    .    (no shield)
rNeg    . . .      Spirit   +    b - +0 robe
rPois   .          Reflect  .    (no helmet)
rElec   .          Harm     .    c - +0 cloak
rCorr   .          Rampage  .    (no gloves)
Will    .....                    (no boots)
Stlth   +++                      (no amulet)
HPRegen 0.23/turn                (no ring)
MPRegen 0.09/turn                (no ring)

@: no status effects
A: fangs 2, magic shield, antimagic bite, no potion heal 2
a: no special abilities


You were on level 2 of the Dungeon.
You visited 1 branch of the dungeon, and saw 2 of its levels.

You collected 39 gold pieces.

Inventory:

Hand Weapons
 a - a +2 dagger (weapon)
Missiles
 d - 7 poisoned darts (quivered)
 e - 3 curare-tipped darts
 o - 7 stones
Armour
 b - a +0 robe (worn)
 c - a +0 cloak (worn)
Scrolls
 f - 2 scrolls of identify {unknown}
 h - a scroll of magic mapping {unknown}
 k - a scroll of vulnerability {unknown}
 l - a scroll of fog {unknown}
 n - a scroll of teleportation {unknown}
Potions
 g - a potion of attraction {unknown}
 i - a potion of curing {unknown}
 j - a potion of flight {unknown}
 m - a potion of brilliance {unknown}


   Skills:
 + Level 2.0 Fighting
 * Level 2.1 Short Blades
 + Level 1.9 Throwing
 + Level 1.0 Dodging
 + Level 5.6 Stealth


You had 2 spell levels left.
You didn't know any spells.
Your spell library was empty.

Dungeon Overview and Level Annotations

Branches:
Dungeon (2/15)

Altars:

Shops:
D:2 =


Innate Abilities, Weirdness & Mutations

You have extremely sharp teeth.
When hurt, damage is shared between your health and your magic reserves.
Your bite disrupts and absorbs the magic of your enemies.
Potions cannot restore your health.


Message History

o - 7 stones (gained 1)
You see here a +0 dagger.
A goblin comes into view. It is wielding a +0 sling.
The gnoll shouts!
You hear a shout! x2
The goblin shoots a sling bullet.
The sling bullet hits you.
A hobgoblin comes into view.
You are now empty-handed.
Unknown command.
Unknown command.
a - a +2 dagger (weapon)
Throw: 9 darts (poison)
Press: ? - help, Q - select action, (/) - cycle Shift-Dir - straight line, f - gnoll
Aim: a gnoll, wielding a +2 flail of protection (64% to hit)
You throw a poisoned dart. The poisoned dart hits the gnoll.
The gnoll is poisoned.
Throw: 8 darts (poison)
Press: ? - help, Q - select action, (/) - cycle Shift-Dir - straight line, f/p - gnoll
Aim: a gnoll, wielding a +2 flail of protection (poisoned, 64% to hit)
You throw a poisoned dart. The poisoned dart hits the gnoll.
The gnoll looks even sicker.
You hit the gnoll.
The gnoll is moderately wounded.
The gnoll barely misses you.
You hit the gnoll.
The gnoll is heavily wounded.
The gnoll barely misses you.
You hit the gnoll but do no damage. Your bite misses the gnoll.
The gnoll is heavily wounded.
The gnoll hits you with a +2 flail of protection!
Ouch! That really hurt!
You hit the gnoll but do no damage. You bite the gnoll. You drain its power.
You feel invigorated.
The gnoll is heavily wounded.
The gnoll hits you with a +2 flail of protection.
* * * LOW HITPOINT WARNING * * *
You hit the gnoll. You bite the gnoll. You drain its power.
You feel invigorated.
The gnoll is severely wounded.
The gnoll hits you with a +2 flail of protection.
You die...

....#
.#.............
#####
.#####.#.####..
##.........
#....#.....
#.#....####
#.#.########
#.....)....# ##
###.######.# #.
#.@ggg.#
.#####.#
######.#
........ (..
.#####.. .....
#.) .g..g.. #..
..g.... #..
.g.=.w. ##.
..#.### #. #.


You could see 2 gnolls and a goblin.

Vanquished Creatures
  An adder (D:2)
  2 dart slugs (D:1)
  An endoplasm (D:1)
  A giant cockroach (D:1)
  2 goblins (D:1)
  3 hobgoblins
  3 jackals (D:1)
  A ball python (D:1)
  A bat (D:1)
  A kobold (D:2)
  3 rats (D:1)
19 creatures vanquished.

Notes
Turn   | Place    | Note
-------+----------+-------------------------------------------
     0 | D:1      | jimonade the Vine Stalker Brigand began the quest for the
                  | Orb.
     0 | D:1      | Reached XP level 1. HP: 11/11 MP: 2/2
    37 | D:1      | You fall into a shaft and drop 1 floor!
    44 | D:2      | Reached skill level 5 in Stealth
   146 | D:1      | Reached XP level 2. HP: 15/15 MP: 3/3
   305 | D:1      | Reached skill level 1 in Dodging
  1233 | D:2      | Reached XP level 3. HP: 17/18 MP: 2/4
  1401 | D:2      | Found Pere's One-of-a-Kind Rings.
  1535 | D:2      | Slain by a gnoll

Illustrated notes

Levels and vault maps discovered:
D:1:      lemuel_arrival_behind_the_door_large, layout_basic
D:2:      layout_basic, nicolae_shop_unique_rings, uniq_jessica

Skill      XL: |  1  2  3 |
---------------+----------+-----
Stealth        | 5 |  5.6
Short Blades   | 2 |  2.1
Dodging        | 1 |  1.0
Fighting       | 2 |  2.0
Throwing       | |  1.9

Action                     || total
---------------------------++-------
  Melee: Dagger            ||    56
         Bite              ||    11
  Throw: Dart              ||     2
   Stab: Sleeping          ||     6
 Armour: Robe              ||     9
  Dodge: Dodged            ||    22

Table legend: (Time is in decaauts)
 A = Elapsed time spent in this place.
 B = Non-inter-level travel time spent in this place.
 C = Inter-level travel time spent in this place.
 D = Time resting spent in this place.
 E = Time spent auto-exploring this place.
 F = Levels seen in this place.
 G = Mean time per level.
                   A        B        C        D        E       F      G
               +--------+--------+--------+--------+--------+-----+--------+
         Total |   1527 |   1399 |    128 |      0 |   1095 |   2 |  763.5 |
       Dungeon |   1527 |   1399 |    128 |      0 |   1095 |   2 |  763.5 |
               +--------+--------+--------+--------+--------+-----+--------+

Top non-repeatable levels by time:
     D:1: 1120 daAuts
     D:2: 406 daAuts
